 Dungeon Crawl Stone Soup version 0.21.1-1-g345015f (webtiles) character file.

174 nicolaieve the Chopper (level 5, -1/45 HPs)
             Began as a Minotaur Berserker on June 23, 2018.
             Was a Believer of Trog.
             Slain by an adder (3 damage)
             ... on level 4 of the Dungeon.
             The game lasted 00:08:06 (2262 turns).

nicolaieve the Chopper (Minotaur Berserker)         Turns: 2262, Time: 00:08:07

Health: -1/45      AC:  8    Str: 23    XL:     5   Next: 28%
Magic:  4/4        EV: 10    Int:  4    God:    Trog [**....]
Gold:   220        SH:  0    Dex:  9    Spells: 4/4 levels left

rFire    . . .     SeeInvis .   a - +0 hand axe
rCold    . . .     Gourm    .   (no shield)
rNeg     . . .     Faith    .   y - +0 scale mail
rPois    .         Spirit   .   (helmet restricted)
rElec    .         Reflect  .   (no cloak)
rCorr    .         Harm     .   o - +1 pair of gloves
MR       .....                  (no boots)
Stlth    ..........             (no amulet)
HPRegen  0.15/turn              (no ring)
MPRegen  0.09/turn              (no ring)

@: confused, lethally poisoned (-1 -> -9)
A: retaliatory headbutt, horns 2
a: Berserk, Trog's Hand, Burn Spellbooks, Renounce Religion


You were on level 4 of the Dungeon.
You worshipped Trog.
Trog was pleased with you.
You were not hungry.

You visited 1 branch of the dungeon, and saw 4 of its levels.

You collected 220 gold pieces.

Inventory:

Hand Weapons
 a - a +0 hand axe (weapon)
Armour
 b - a +0 animal skin
 g - a +0 ring mail
 o - a +1 pair of gloves (worn)
 y - a +0 scale mail (worn)
Jewellery
 q - an uncursed ring of magical power {unknown}
 r - a +4 ring of dexterity {unknown}
 s - an uncursed ring of protection from magic {unknown}
Scrolls
 h - 2 scrolls of magic mapping {unknown}
 i - 3 scrolls of teleportation {unknown}
 l - a scroll of amnesia {unknown}
 m - 3 scrolls of identify {unknown}
 n - 3 scrolls of remove curse {unknown}
 t - a scroll of immolation {unknown}
 v - a scroll of fog {unknown}
 x - a scroll of fear {unknown}
Potions
 e - a potion of degeneration {unknown}
 f - a potion of haste {unknown}
 j - 2 potions of brilliance {unknown}
 k - a potion of agility {unknown}
 u - a potion of lignification {unknown}
 w - a potion of flight {unknown}
 z - a potion of heal wounds {unknown}
Comestibles
 c - 8 rations
 d - 3 chunks of flesh


   Skills:
 - Level 3.6 Fighting
 + Level 7.3 Axes
 - Level 2.4 Armour
 - Level 2.1 Dodging


You had 4 spell levels left.
You didn't know any spells.

Dungeon Overview and Level Annotations

Branches:
Dungeon (4/15)
 Temple: D:4-7

Altars:
Ashenzari
Fedhas
Gozag
Makhleb
Qazlal
Uskayaw
Xom
Zin

Annotations:
D:3 exclusion: oklob plant


Innate Abilities, Weirdness & Mutations

You reflexively headbutt those who attack you in melee.
You have a pair of horns on your head.


Message History

The orc wizard is almost dead.
You closely miss the adder. You hit something.
You feel sick. The adder bites you but does no damage.
Something hits you but does no damage.
The orc wizard hits you but does no damage.
You're too confused to move!
The adder misses you. Something hits you but does no damage.
The orc wizard points at you and mumbles some strange words.
The magic dart hits you!
* * * LOW HITPOINT WARNING * * *
You bump into the rock wall.
The adder bites you.
* * * LOW HITPOINT WARNING * * *
You are lethally poisoned!
The adder poisons you! Something hits you but does no damage.
The orc wizard hits you with a dagger.
* * * LOW HITPOINT WARNING * * *
The adder bites you but does no damage.
You bump into the rock wall.
* * * LOW HITPOINT WARNING * * *
You feel sick. The adder bites you.
You die...

.♣......?. .
♣P.......#
P.♣♣........#
...P........#
♣♣.PP.......#
♣P.P........#
.P.....<....#
..........S{#######
...........@oooo...
..........#########
..........#
..........#
...........
############


You could see an orc wizard, an adder and 3 orcs.

Vanquished Creatures
  A hound (D:4)
  A worker ant (D:3)
  3 gnolls (D:3)
  2 adders (D:3)
  2 worms
  3 dart slugs
  A leopard gecko (D:3)
  An orc (D:3)
  3 giant cockroaches
  6 goblins
  7 hobgoblins
  6 kobolds
  A quokka (D:2)
  4 ball pythons
  7 bats
  4 frilled lizards
  13 rats
65 creatures vanquished.

Vanquished Creatures (others)
  An iguana (D:4)
  4 fungi (D:4)
5 creatures vanquished.

Grand Total: 70 creatures vanquished

Notes
Turn   | Place    | Note
-------+----------+-------------------------------------------
     0 | D:1      | nicolaieve the Minotaur Berserker began the quest for the Orb.
     0 | D:1      | Reached XP level 1. HP: 19/19 MP: 0/0
    71 | D:1      | Reached skill level 4 in Axes
   165 | D:1      | Reached XP level 2. HP: 26/26 MP: 1/1
   583 | D:1      | Reached skill level 5 in Axes
   733 | D:2      | Reached XP level 3. HP: 30/31 MP: 2/2
  1222 | D:2      | Found an opulent altar of Gozag.
  1227 | D:2      | Found a glowing silver altar of Zin.
  1534 | D:3      | Reached ** piety under Trog
  1535 | D:3      | Reached skill level 6 in Axes
  1535 | D:3      | Reached XP level 4. HP: 39/39 MP: 3/3
  1747 | D:3      | Found a blossoming altar of Fedhas.
  1763 | D:3      | Noticed an oklob plant
  1810 | D:3      | Found a shimmering altar of Xom.
  1811 | D:3      | Found a shattered altar of Ashenzari.
  1814 | D:3      | Found a hide-covered altar of Uskayaw.
  1815 | D:3      | Found a burning altar of Makhleb.
  1831 | D:3      | Found a stormy altar of Qazlal.
  1875 | D:3      | Reached XP level 5. HP: 44/45 MP: 4/4
  1889 | D:3      | Reached skill level 7 in Axes
  2262 | D:4      | HP: 2/45 [poisoned by an adder]
  2262 | D:4      | Slain by an adder

Skill      XL: |  1  2  3  4  5 |
---------------+----------------+-----
Axes           | 4 5 6 7 |  7.3
Fighting       | |  3.6
Armour         | |  2.4
Dodging        | |  2.1

Action                   |  1- 3 |  4- 6 || total
-------------------------+-------+-------++-------
Melee: Hand axe          |   115 |    51 ||   166
       Headbutt          |    11 |     8 ||    19
Invok: Berserk           |     1 |       ||     1
       Burn Spellbooks   |       |     1 ||     1
  Eat: Chunk             |     2 |     3 ||     5
Armor: Ring mail         |    43 |     7 ||    50
       Animal skin       |     1 |       ||     1
       Scale mail        |       |    30 ||    30
Dodge: Dodged            |    80 |    33 ||   113
